 Dungeon Crawl Stone Soup version 0.30-a0-210-g01b79a254e (webtiles) character file.

Game seed: 12076766953371522723

16 sleeves the Trooper (level 2, -1/24 HPs)
             Began as a Demonspawn Fighter on Oct 4, 2022.
             Slain by an adder (2 damage)
             ... on level 2 of the Dungeon.
             The game lasted 00:00:51 (930 turns).

sleeves the Trooper (Demonspawn Fighter)             Turns: 930, Time: 00:00:52

Health: -1/24      AC:  8    Str: 16    XL:     2   Next: 37%
Magic:  2/2        EV:  5    Int:  9    God:
Gold:   78         SH:  4    Dex: 12    Spells: 1/1 levels left

rFire   . . .      SeeInvis .    a - +0 trident
rCold   . . .      Faith    .    c - +0 buckler
rNeg    . . .      Spirit   .    b - +0 scale mail
rPois   .          Reflect  .    (no helmet)
rElec   .          Harm     .    (no cloak)
rCorr   .          Rampage  .    (no gloves)
Will    +....                    (no boots)
Stlth   ..........               (no amulet)
HPRegen 0.24/turn                i - ring of willpower
MPRegen 0.08/turn                (no ring)

@: constricted
A: yellow scales 1
a: no special abilities


You were on level 2 of the Dungeon.
You visited 1 branch of the dungeon, and saw 2 of its levels.

You collected 78 gold pieces.

Inventory:

Hand Weapons
 a - a +0 trident (weapon)
Armour
 b - a +0 scale mail (worn)
 c - a +0 buckler (worn)
Jewellery
 i - a ring of willpower (left hand)
   (You found it on level 1 of the Dungeon)
 m - an amulet of reflection
   (You found it on level 2 of the Dungeon)
Scrolls
 e - a scroll of enchant weapon {unknown}
 g - a scroll of identify {unknown}
 j - a scroll of fear {unknown}
 l - a scroll of teleportation {unknown}
Potions
 d - 4 potions of might
 f - 3 potions of degeneration {unknown}
 h - a potion of flight {unknown}
 k - 2 potions of heal wounds {unknown}
 n - a potion of invisibility {unknown}
 o - a potion of haste {unknown}


   Skills:
 - Level 3.0 Fighting
 + Level 2.8 Polearms
 - Level 2.6 Armour
 - Level 2.6 Shields


You had one spell level left.
You didn't know any spells.
Your spell library was empty.

Dungeon Overview and Level Annotations

Branches:
Dungeon (2/15)

Altars:


Innate Abilities, Weirdness & Mutations

You are partially covered in yellow scales. (AC +2)


Message History

Welcome, sleeves the Demonspawn Fighter.
Are you destined to find the sublime Orb of Zot, or to die trying?
Press ? for a list of commands and other information.
Found 2 potions of might.
Found a staircase leading out of the dungeon.
d - 3 potions of might (gained 2)
There is a fountain of clear blue water here.
You now have 5 gold pieces.
A hobgoblin comes into view.
The hobgoblin shouts!
A hobgoblin is nearby!
A hobgoblin is nearby!
You reach to attack!
You hit the hobgoblin.
The hobgoblin is almost dead.
A rat comes into view.
You barely miss the hobgoblin.
The hobgoblin is almost dead.
The hobgoblin closely misses you.
You puncture the hobgoblin!
You kill the hobgoblin!
The rat twitches its whiskers.
You see here a hobgoblin corpse.
Found a sling.
You closely miss the rat. You block the rat's attack.
The rat barely misses you.
You barely miss the rat. The rat bites you but does no damage.
A rat is nearby!
A rat is nearby!
A rat is nearby!
You hit the rat.
You kill the rat!
Your Polearms skill increases to level 2!
No target in view!
No target in view!
No target in view!
No target in view!
No target in view!
An endoplasm comes into view.
The endoplasm moves out of view.
An endoplasm comes into view.
Found a spear.
The endoplasm quivers.
There are monsters nearby!
There are monsters nearby!
You hit the endoplasm.
The endoplasm is moderately wounded.
The endoplasm barely misses you.
You hit the endoplasm but do no damage.
The endoplasm is moderately wounded.
The endoplasm barely misses you.
You hit the endoplasm but do no damage.
The endoplasm is moderately wounded.
The endoplasm freezes you.
You are frozen.
The endoplasm freezes you.
You are frozen.
You are too injured to fight recklessly!
You are too injured to fight recklessly!
You are too injured to fight recklessly!
You are too injured to fight recklessly!
You are too injured to fight recklessly!
You are too injured to fight recklessly!
You are too injured to fight recklessly!
You are too injured to fight recklessly!
You are too injured to fight recklessly!
You are too injured to fight recklessly!
You are too injured to fight recklessly!
There are monsters nearby!
There are monsters nearby!
Unknown command.
You hit the endoplasm.
The endoplasm is almost dead.
The endoplasm hits you but does no damage.
You hit the endoplasm.
You kill the endoplasm!
You hit the endoplasm.
You kill the endoplasm!
HP restored.
You see here a +0 spear.
You open the door.
There is an open door here.
You now have 22 gold pieces (gained 17).
There is an open door here.
Found a stone staircase leading down.
Found a short sword.
No target in view!
No target in view!
You see here a +0 ring mail of cold resistance.
You enter the shallow water.
Moving in this stuff is going to be slow.
A rat comes into view.
A rat is nearby!
A rat is nearby!
You closely miss the rat. You block the rat's attack.
You barely miss the rat. The rat bites you but does no damage.
The rat barely misses you.
You barely miss the rat. The rat bites you but does no damage.
You closely miss the rat. The rat bites you but does no damage.
You closely miss the rat. You block the rat's attack.
You puncture the rat!
You kill the rat!
You see here a rat corpse.
You enter the shallow water.
Moving in this stuff is going to be slow.
Found a ring mail and 8 stones.
A ball python comes into view.
The ball python moves out of view.
You see here a scroll labelled UNOSSUZ EZAQINAS.
A ball python is nearby!
You reach to attack!
You hit the ball python but do no damage.
You hit the ball python.
The ball python is severely wounded.
You block the ball python's attack. The ball python grabs you.
The ball python constricts you.
The ball python bites you but does no damage.
The ball python constricts you.
You hit the ball python.
You kill the ball python!
No target in view!
No target in view!
No target in view!
No target in view!
No target in view!
e - a scroll labelled UNOSSUZ EZAQINAS You now have 29 gold pieces (gained 7).
f - 3 white potions You see here a +0 robe.
g - a scroll labelled HONAXKI JONONT
Found a stone staircase leading down.
No target in view!
No target in view!
No target in view!
No target in view!
No target in view!
No target in view!
A sourceless malevolence fills the Dungeon...
You fall into a shaft and drop 1 floor!
The shaft crumbles and collapses.
Found a faded altar of an unknown god.
You open the door.
There is an open door here.
Found a stone staircase leading down.
There is a stone staircase leading down here.
Found a stone staircase leading up.
Found a quarterstaff.
No target in view!
No target in view!
No target in view!
No target in view!
No target in view!
No target in view!
No target in view!
No target in view!
No target in view!
No target in view!
h - a fuming cyan potion A ball python comes into view.
The ball python hisses angrily.
A ball python is nearby!
You closely miss the ball python. The ball python bites you.
The ball python grabs you. The ball python constricts you.
You hit the ball python.
You kill the ball python!
No target in view!
No target in view!
No target in view!
No target in view!
No target in view!
(D) Dungeon
Where to? (? - help) HP restored.
You see here a +0 quarterstaff.
There is a stone staircase leading up here.
You climb upwards.
There is a stone staircase leading down here.
You now have 40 gold pieces (gained 11).
You open the door.
There is an open door here.
i - a ring of willpower A frilled lizard comes into view.
The frilled lizard hisses angrily.
The frilled lizard moves out of view.
A quokka comes into view.
Found a scroll labelled OHYCRI ELUX and 2 viscous cyan potions.
There are monsters nearby!
There are monsters nearby!
There are monsters nearby!
You reach to attack!
You hit the frilled lizard.
The frilled lizard is heavily wounded.
You hit the frilled lizard.
You kill the frilled lizard!
You hit the quokka.
The quokka is almost dead.
The quokka closely misses you.
The quokka bites you but does no damage.
You barely miss the quokka.
The quokka is almost dead.
You block the quokka's attack.
You puncture the quokka!
You kill the quokka!
You have reached level 2!
Your demonic ancestry asserts itself...
Yellow scales grow over part of your body.
j - a scroll labelled OHYCRI ELUX
k - 2 viscous cyan potions You open the door.
There is an open door here.
There is an open door here.
Found 2 boomerangs.
You see here 2 boomerangs.
You see here 2 boomerangs.
You open the door.
A ball python comes into view.
The ball python hisses angrily.
The ball python closely misses you. The ball python grabs you.
The ball python constricts you.
A ball python is nearby!
Unknown command.
Unknown command.
i - a ring of willpower (left hand)
You closely miss the ball python. The ball python barely misses you.
The ball python constricts you. The ball python bites you.
The ball python constricts you.
You closely miss the ball python. The ball python bites you.
The ball python constricts you.
You hit the ball python.
You kill the ball python!
No target in view!
No target in view!
No target in view!
No target in view!
No target in view!
No target in view!
HP restored.
There is an open door here.
Found 6 stones.
Found a stone staircase leading down.
Found 4 poisoned darts.
A ball python comes into view.
The ball python hisses angrily.
You see here 9 gold pieces.
You reach to attack!
You closely miss the ball python.
The ball python bites you but does no damage.
The ball python grabs you. The ball python constricts you.
You closely miss the ball python. The ball python barely misses you.
The ball python constricts you.
You hit the ball python.
The ball python is heavily wounded.
The ball python bites you but does no damage.
The ball python constricts you. The ball python bites you.
The ball python constricts you.
You hit the ball python.
You kill the ball python!
No target in view!
No target in view!
No target in view!
No target in view!
No target in view!
You now have 49 gold pieces (gained 9).
A kobold comes into view. It is wielding a +0 club.
Found a glowing dagger.
The kobold shouts!
A kobold is nearby!
A kobold is nearby!
You reach to attack!
You barely miss the kobold. You hit the kobold.
The kobold is moderately wounded.
The kobold barely misses you. x2
You barely miss the kobold.
The kobold is moderately wounded.
The kobold hits you but does no damage.
You closely miss the kobold.
The kobold is moderately wounded.
The kobold hits you with a +0 club.
You puncture the kobold!
You kill the kobold!
No target in view!
No target in view!
No target in view!
No target in view!
l - a scroll labelled FUTIAT LOFAE You see here a +2 vampiric dagger.
You see here 6 stones.
You open the door.
There is an open door here.
There is an open door here.
You enter the shallow water.
Moving in this stuff is going to be slow.
You enter the shallow water.
Moving in this stuff is going to be slow.
You enter the shallow water.
Moving in this stuff is going to be slow.
You enter the shallow water.
Moving in this stuff is going to be slow.
You enter the shallow water.
Moving in this stuff is going to be slow.
Partly explored, can't reach some places.
No target in view!
No target in view!
No target in view!
No target in view!
No target in view!
No target in view!
Unknown command.
Partly explored, can't reach some places.
Partly explored, can't reach some places.
You can't go down here!
(D) Dungeon
Where to? (Enter - D:1, ? - help)
You see here a +0 short sword.
There is a stone staircase leading down here.
You climb downwards.
There is a stone staircase leading up here.
m - an amulet of reflection
Found a stone staircase leading up.
No target in view!
No target in view!
No target in view!
No target in view!
Found 6 javelins.
There is a stone staircase leading up here.
A goblin comes into view. It is wielding a +0 dagger.
The goblin shouts!
The goblin unwields a +0 dagger.
The goblin wields a +0 sling.
The goblin shoots a sling bullet.
The sling bullet hits you but does no damage.
A goblin is nearby!
You reach to attack!
You hit the goblin.
The goblin is moderately wounded.
The goblin shoots a sling bullet.
The sling bullet hits you.
The goblin shoots a sling bullet.
The sling bullet barely misses you.
You reach to attack!
You barely miss the goblin.
The goblin is moderately wounded.
The goblin shoots a sling bullet.
The sling bullet hits you but does no damage.
You reach to attack!
You barely miss the goblin.
The goblin is moderately wounded.
The goblin shoots a sling bullet.
The sling bullet hits you.
You reach to attack!
You hit the goblin but do no damage.
The goblin is moderately wounded.
The goblin shoots a sling bullet.
The sling bullet hits you.
You are too injured to fight recklessly!
You are too injured to fight recklessly!
You are too injured to fight recklessly!
A goblin is nearby!
A goblin is nearby!
A goblin is nearby!
A goblin is nearby!
You are too injured to fight recklessly!
You are too injured to fight recklessly!
You are too injured to fight recklessly!
You are too injured to fight recklessly!
You are too injured to fight recklessly!
You are too injured to fight recklessly!
You are too injured to fight recklessly!
You are too injured to fight recklessly!
You are too injured to fight recklessly!
You are too injured to fight recklessly!
You are too injured to fight recklessly!
Reach: a) +0 trident
Press: ? - help, Dir - move target, f/p - goblin
Aim: a goblin, wielding a +0 sling (moderately wounded, about 50% to evade your +0 trident)
You reach to attack!
You hit the goblin.
You kill the goblin!
Reach: a) +0 trident
Press: ? - help, Dir - move target, f - you That would be overly suicidal.
Okay, then.
HP restored.
A kobold comes into view. It is wielding a +0 whip.
Found a stone staircase leading down.
The kobold shouts!
A kobold is nearby!
A kobold is nearby!
The kobold throws a stone.
The stone hits you but does no damage.
The kobold throws a stone.
The stone hits you.
You reach to attack!
You hit the kobold.
You kill the kobold!
No target in view!
No target in view!
No target in view!
No target in view!
No target in view!
No target in view!
No target in view!
No target in view!
Found a scale mail.
d - 4 potions of might (gained 1)
n - a puce potion A bat comes into view.
A bat is nearby!
Found a ring mail.
The bat hits you but does no damage.
You closely miss the bat. You block the bat's attack.
You hit the bat.
The bat is moderately wounded.
The bat barely misses you.
You reach to attack!
You puncture the bat!
You kill the bat!
No target in view!
No target in view!
No target in view!
No target in view!
You now have 59 gold pieces (gained 10).
Found 4 stones.
You now have 78 gold pieces (gained 19).
o - a coppery potion
Found 5 stones.
No target in view!
No target in view!
No target in view!
No target in view!
No target in view!
A ball python comes into view.
The ball python hisses angrily.
A ball python is nearby!
A ball python is nearby!
You reach to attack!
You closely miss the ball python. You puncture the ball python!
You kill the ball python!
No target in view!
No target in view!
No target in view!
No target in view!
No target in view!
No target in view!
No target in view!
An adder comes into view.
The adder hisses angrily.
An adder is nearby!
An adder is nearby!
An adder is nearby!
You barely miss the adder. The adder closely misses you.
The adder bites you but does no damage.
You barely miss the adder. You block the adder's attack.
You closely miss the adder. The adder bites you but does no damage.
The adder closely misses you.
You closely miss the adder. The adder bites you.
You are poisoned.
The adder poisons you!
You barely miss the adder.
You feel sick. The adder closely misses you.
The adder bites you but does no damage.
You miss the adder.
You feel sick. The adder closely misses you.
You barely miss the adder.
You feel sick. The adder barely misses you.
The adder bites you but does no damage.
You miss the adder.
You feel sick. The adder bites you but does no damage.
You barely miss the adder.
You feel sick. The adder bites you. You block the adder's attack.
You are too injured to fight recklessly!
You are too injured to fight recklessly!
You are too injured to fight recklessly!
You are too injured to fight recklessly!
You are too injured to fight recklessly!
You are too injured to fight recklessly!
You are too injured to fight recklessly!
You are too injured to fight recklessly!
You are too injured to fight recklessly!
You hit the adder but do no damage.
You feel sick.
You are no longer poisoned.
The adder bites you but does no damage. The adder closely misses you.
You puncture the adder!
The adder is severely wounded.
The adder bites you but does no damage.
You closely miss the adder.
The adder is severely wounded.
The adder bites you.
* * * LOW HITPOINT WARNING * * *
The adder barely misses you.
You barely miss the adder.
The adder is severely wounded.
The adder bites you but does no damage. The adder barely misses you.
You miss the adder.
The adder is heavily wounded.
The adder bites you.
* * * LOW HITPOINT WARNING * * *
A ball python comes into view.
You barely miss the adder.
The adder is heavily wounded.
The ball python hisses angrily.
The adder completely misses you. The adder closely misses you.
You barely miss the adder.
The adder is heavily wounded.
The adder barely misses you.
You hit the adder but do no damage.
The adder is heavily wounded.
The adder bites you but does no damage. x2
You barely miss the adder.
The adder is heavily wounded.
The adder bites you but does no damage. The ball python barely misses you.
The ball python closely misses you. The adder barely misses you.
You miss the adder.
The adder is heavily wounded.
The ball python bites you.
* * * LOW HITPOINT WARNING * * *
The ball python grabs you. The ball python constricts you.
The adder bites you but does no damage.
You miss the adder.
The adder is heavily wounded.
You block the adder's attack.
The ball python bites you but does no damage.
The ball python constricts you. The adder bites you.
* * * LOW HITPOINT WARNING * * *
You are poisoned.
The adder poisons you!
The ball python bites you but does no damage.
The ball python constricts you.
You closely miss the adder.
The adder is heavily wounded.
You feel sick. The adder completely misses you.
The ball python bites you but does no damage.
The ball python constricts you.
You closely miss the adder.
The adder is heavily wounded.
You feel sick. The adder bites you.
* * * LOW HITPOINT WARNING * * *
The ball python bites you but does no damage.
The ball python constricts you. You block the adder's attack.
The ball python bites you but does no damage.
The ball python constricts you.
You hit the adder.
The adder is almost dead.
You feel sick. The adder bites you but does no damage.
The ball python bites you but does no damage.
The ball python constricts you.
* * * LOW HITPOINT WARNING * * *
You miss the adder.
The adder is almost dead.
You feel sick.
You are no longer poisoned.
The adder bites you but does no damage.
The ball python bites you but does no damage.
The ball python constricts you. The adder bites you but does no damage.
You miss the adder.
The adder is almost dead.
The ball python bites you.
* * * LOW HITPOINT WARNING * * *
The ball python constricts you. The adder bites you.
* * * LOW HITPOINT WARNING * * *
The ball python bites you but does no damage.
The ball python constricts you.
You barely miss the adder.
The adder is almost dead.
You block the adder's attack. The ball python bites you.
* * * LOW HITPOINT WARNING * * *
The ball python constricts you. You block the adder's attack.
You hit the adder.
The adder is almost dead.
The ball python barely misses you. The ball python constricts you.
The adder bites you but does no damage. You block the ball python's attack.
The ball python constricts you. The adder bites you but does no damage.
You miss the adder.
The adder is almost dead.
The adder bites you.
You die...

...............
...............
...............
..............#
#.............# ..
#.............. ..
...#......S...# ..
...###....@S..##..... ...
....................####...
...........###.............
...........# #.............
..........## #.............
..........# #....(.......#
..........####.............
...........................
..................#........


You could see an adder and a ball python.

Vanquished Creatures
  A bat (D:2)
  2 endoplasms (D:1)
  A hobgoblin (D:1)
  2 kobolds
  A quokka (D:1)
  5 ball pythons
  A frilled lizard (D:1)
  A goblin (D:2)
  2 rats (D:1)
16 creatures vanquished.

Notes
Turn   | Place    | Note
-------+----------+-------------------------------------------
     0 | D:1      | sleeves the Demonspawn Fighter began the quest for the Orb.
     0 | D:1      | Reached XP level 1. HP: 18/18 MP: 1/1
    41 | D:1      | Reached skill level 2 in Polearms
   183 | D:1      | You fall into a shaft and drop 1 floor!
   183 | D:2      | Found a faded altar of an unknown god.
   323 | D:1      | Gained mutation: You are partially covered in yellow
                  | scales. (AC +2) [demonic ancestry]
   323 | D:1      | Reached XP level 2. HP: 24/24 MP: 2/2
   914 | D:2      | HP: 12/24 [adder (2)]
   921 | D:2      | HP: 12/24 [ball python (1)]
   924 | D:2      | HP: 5/24 [adder (1)]
   927 | D:2      | HP: 2/24 [ball python (1)]
   930 | D:2      | Slain by an adder

Illustrated notes

Levels and vault maps discovered:
D:1:      scummos_arrival_forest, layout_basic, chequers_serial_rivers_large_a
D:2:      minmay_razor_zed, layout_basic,
          dreamdust_ecumenical_altar_angels_and_demons

Skill      XL: |  1 |
---------------+----+-----
Polearms       | 2 |  2.8
Fighting       | |  3.0
Armour         | |  2.6
Shields        | |  2.6

Action                   || total
-------------------------++-------
Melee: Trident           ||    79
Armor: Scale mail        ||    39
Dodge: Dodged            ||    29
Block: Buckler           ||    13

Table legend: (Time is in decaauts)
 A = Elapsed time spent in this place.
 B = Non-inter-level travel time spent in this place.
 C = Inter-level travel time spent in this place.
 D = Time resting spent in this place.
 E = Time spent auto-exploring this place.
 F = Levels seen in this place.
 G = Mean time per level.
                   A        B        C        D        E       F      G
               +--------+--------+--------+--------+--------+-----+--------+
         Total |    956 |    918 |     38 |      0 |    748 |   2 |  478.0 |
       Dungeon |    956 |    918 |     38 |      0 |    748 |   2 |  478.0 |
               +--------+--------+--------+--------+--------+-----+--------+

Top non-repeatable levels by time:
     D:1: 660 daAuts
     D:2: 295 daAuts
